[Event "*** Titled Tuesday Blitz"]
[Site "Chess.com"]
[Date "2019.02.05"]
[Round "1"]
[White "nailbeshirli"]
[Black "evgenysharapov"]
[Result "1-0"]
[WhiteElo "2672"]
[BlackElo "2300"]
[TimeControl "180+2"]
[EndTime "13:10:45 PST"]
[Termination "nailbeshirli won by resignation"]

1. e4 c5 2. Nf3 d6 3. Nc3 e5 4.
Bc4 Be7 5. O-O Nf6 6. d3 O-O 7. h3 Nc6 8. Be3 Nd4 9. a3 Be6 10. Nd2 d5 11. exd5 Nxd5 12. Nxd5 Bxd5 13. c3 Nf5 14.
Re1 Nxe3 15. Rxe3 Bf6 16. Bxd5 Qxd5 17. Qg4 Rad8 18. Rae1 g6 19. Nc4 b6 20. Qg3 Bg7 21. Qh4 f6 22. a4 Qc6 23. Na3 Rd7 24. Qc4+ Qd5 25. Qb5 Rfd8 26. a5 Qb7 27. Nc4 Rb8 28. axb6 axb6 29. Ra1 Bh6 30. Ra6 Qc7 31. Re1 Kh8 32.
Rxb6 Rxb6 33. Nxb6 Rd6 34. Nc4 Rxd3 35. Nxe5 Rd8 36. Nc4 Bg7 37. Qa6 h5 38. Qe6 Kh7 39.
Qe2 Rd7 40. g3 f5 41. h4 Qb7 42. Qe8 Qc7 43. Re6 Rf7 44. Kg2 f4 45. Nd6 f3+ 46. Kh3 Rf6 47. Ne4 Rxe6 48. Ng5+ Kh6 49. Qg8 Bf6 50. Nf7+ Qxf7 51. Qxf7 Rb6 52. Qf8+ Bg7 53.
Qxf3 Rxb2 54. Qe3+ Kh7 55. Qxc5 Rc2 56. c4 Rc3 57.
Qd5 Rc2 58. c5 Rxf2 59. c6 Rf7 60. Qxf7 1-0

[Event "*** Titled Tuesday Blitz"]
[Site "Chess.com"]
[Date "2019.02.05"]
[Round "1"]
[White "FrankieJay"]
[Black "maciek_92"]
[Result "0-1"]
[WhiteElo "2374"]
[BlackElo "2759"]
[TimeControl "180+2"]
[EndTime "13:10:47 PST"]
[Termination "maciek_92 won by resignation"]

1. e4 e5 2. Nf3 Nc6 3. Bb5 a6 4. Ba4 Nf6 5. O-O Be7 6. Re1 b5 7. Bb3 d6 8. c3 O-O 9. h3 Na5 10. Bc2 c5 11. d4 Nd7 12. Nbd2 exd4 13. cxd4 Nc6 14. d5 Nce5 15. Nxe5 Nxe5 16. f4 Ng6 17. Nf3 Bh4 18. Rf1 Bg3 19. f5 Ne5 20. Ng5 h6 21. f6 g6 22. Nf3 Qxf6 23. Bxh6 Re8 24.
Nxe5 Qxe5 25. Qf3 Ra7 26. b3 Bh4 27. Bf4 Qe7 28. Rad1 Bg5 29. Bg3 Kg7 30. Rfe1 Bf6 31. Kh1 Be5 32. Bxe5+ Qxe5 33. Rf1 Rh8 34. Rd2 Re7 35.
Rdf2 a5 36. Bd3 b4 37. Kg1 g5 38. Qf6+ Qxf6 39. Rxf6 Rd8 40. Kh2 Rdd7 41. Kg3 Rd8 42. h4 gxh4+ 43. Kxh4 Rh8+ 44. Kg3 Rd8 45. R6f4 Rh8 46.
Rh4 Rxh4 47. Kxh4 Re5 48. Kg3 Bd7 49. Kf4 Rh5 50. Kg3 f6 51. Rf4 Rg5+ 52. Kf3 Be8 53. Rh4 Bg6 54. g4 Be8 55. Kf4 Bd7 56. Be2 Rg6 57. Rh5 Rh6 58. Bf3 Rg6 59. Be2 a4 60.
Bf3 axb3 61. axb3 Bb5 62. Bd1 Bd3 63. Rf5 c4 64. bxc4 Bxc4 65. g5 fxg5+ 66. Rxg5 Rxg5 67.
Kxg5 b3 68. Kf5 b2 69. Bc2 Kf7 70. e5 Ke7 71. exd6+ Kxd6 72. Ke4 Kc5 73. d6 Bb5 74. Ke3 Bd7 75. Kd2 Kb4 76. Bb1 Kb3 77. Kd1 Kc3 78. Bg6 Ba4+ 79. Ke1 Bc2 80. Bxc2 Kxc2 0-1

[Event "*** Titled Tuesday Blitz"]
[Site "Chess.com"]
[Date "2019.02.05"]
[Round "1"]
[White "TheBigBoss04"]
[Black "Vadim_Biliy"]
[Result "1-0"]
[WhiteElo "2537"]
[BlackElo "2149"]
[TimeControl "180+2"]
[EndTime "13:10:57 PST"]
[Termination "TheBigBoss04 won by resignation"]

1. b3 e5 2. Bb2 Nc6 3. e3 Nf6 4. d4 exd4 5. exd4 d5 6. Nf3 Bb4+ 7.
c3 Bd6 8. Bd3 Qe7+ 9. Qe2 Qxe2+ 10. Kxe2 O-O 11. Nbd2 Bg4 12. Rae1 a5 13. h3 Bh5 14. Kd1 a4 15. Kc2 axb3+ 16. axb3 Bg6 17. Ne5 Bxd3+ 18. Nxd3 Rfe8 19. Rxe8+ Nxe8 20. c4 Nb4+ 21. Nxb4 Bxb4 22. cxd5 Ra2 23. Nc4 b5 24. Ne3 Ba3 25. Rb1 Nd6 26. f3 g6 27. Kc1 Bxb2+ 28. Rxb2 Ra1+ 29.
Kd2 Rg1 30. Ke2 f5 31. Kf2 Ra1 32. Rc2 f4 33. Ng4 Ra7 34. Nf6+ Kf7 35. Nxh7 Nf5 36. Ng5+ Ke7 37. Ne6 Kd7 38. Nxf4 Nxd4 39. Rd2 Nxb3 40. Rb2 Nd4 41. Nxg6 b4 42. Rxb4 Ra2+ 43. Kg3 Nf5+ 44. Kf4 Nd6 45. g4 Rd2 46. Ne5+ Kc8 47. Nc6 Kd7 48. Rd4 Rh2 49. Kg3 Rh1 50. h4 Nb5 51.
Rd2 Nc3 52. h5 Kd6 53. Nd4 Nxd5 54. Nb5+ Kc5 55. Nd4 Ne3 56. Ne6+ Kb6 57. Rd3 Nc4 58.
Nxc7 Ne5 59. Rc3 Rg1+ 60. Kf4 Nc6 61. Nd5+ Kb5 62. h6 Rh1 63. Kg5 Nd4 64. Nc7+ Kb4 65. Re3 Kc5 66. Ne6+ Nxe6+ 67. Rxe6 Kd5 68. Rf6 Ke5 69.
Rf5+ Ke6 70. Kg6 Rh3 71. h7 Rh4 72. Rh5 1-0

[Event "*** Titled Tuesday Blitz"]
[Site "Chess.com"]
[Date "2019.02.05"]
[Round "1"]
[White "albi1999"]
[Black "wanyaland"]
[Result "1-0"]
[WhiteElo "2502"]
[BlackElo "2060"]
[TimeControl "180+2"]
[EndTime "13:11:02 PST"]
[Termination "albi1999 won by resignation"]

1. d4 d5 2. c4 c6 3. Nf3 Nf6 4. g3 e6 5. Qc2 Nbd7 6. Bg2 Be7 7. O-O O-O 8. Rd1 b6 9. b3 Bb7 10. Nc3 Rc8 11. e4 dxc4 12. bxc4 c5 13. d5 exd5 14.
cxd5 Bd6 15. Nb5 Bb8 16. a4 Re8 17. Nh4 a6 18. Nc3 g6 19. Bg5 Kg7 20. Re1 h6 21.
Bc1 c4 22. Be3 Ne5 23. Bd4 Kg8 24. f4 Nd3 25. Re2 Nd7 26. e5 Nxf4 27. gxf4 Qxh4 28. e6 Nf8 29. Ne4 Nh7 30. Ng3 Bxf4 31. Rf1 f5 32. Qc3 Bd6 33. Bxb6 Nf6 34. Qd2 c3 35. Qd3 Ng4 36.
Bf3 Ne5 37. Qd1 Nxf3+ 38. Rxf3 c2 39. Rxc2 Rxc2 40. Qxc2 Bxd5 41. Rd3 Bxg3 42. Rxg3 Rxe6 43. Qc8+ Kh7 44. Qd7+ Qe7 45. Qxd5 Re1+ 46. Kg2 Qe2+ 47. Bf2 Qe4+ 48. Qxe4 Rxe4 49. a5 Ra4 50. Bb6 g5 51. Rc3 Kg6 52. Rc6+ Kh5 53. Bc7 f4 54. Rxa6 Ra2+ 55.
Kg1 Kg4 56. Rc6 f3 57. Rc4+ Kh3 58. Rc3 g4 59. Bg3 h5 60. Rc5 h4 61. Rh5 Rg2+ 62. Kf1 Rxg3 63. hxg3 Kxg3 64. a6 h3 65. a7 Kh2 66.
a8=Q g3 67. Rxh3+ Kxh3 68. Qh8+ Kg4 69. Qg7+ 1-0

[Event "*** Titled Tuesday Blitz"]
[Site "Chess.com"]
[Date "2019.02.05"]
[Round "1"]
[White "Grischuk"]
[Black "AliKa2810"]
[Result "1-0"]
[WhiteElo "3037"]
[BlackElo "2461"]
[TimeControl "180+2"]
[EndTime "13:11:06 PST"]
[Termination "Grischuk won by resignation"]

1. e4 e5 2. Nf3 Nf6 3. Nxe5 d6 4. Nf3 Nxe4 5. Qe2 Qe7 6. d3 Nf6 7. Bg5 Qxe2+ 8. Bxe2 Be7 9. Nc3 O-O 10. O-O-O h6 11. Bd2 Nc6 12. Nb5 Bd8 13. Rde1 Re8 14. h3 Bd7 15.
Bd1 Ne5 16. Nbd4 c5 17. Nxe5 dxe5 18. Nb3 Bc6 19. Rhg1 Bb6 20. Be3 Rac8 21. Nxc5 Bxc5 22. Bxc5 Bxg2 23. Be3 Bxh3 24. Bxh6 g6 25. Bd2 Nd5 26. Bf3 Be6 27. Rxe5 Red8 28. Be4 Kg7 29. Bxg6 Kf6 30. Rge1 Kxg6 31. R5e4 Rh8 32. Rg1+ Kf6 33. c4 Ke7 34. Kd1 Nb6 35. Bg5+ Kd7 36. Rd4+ Kc6 37. b4 Rcg8 38. Rg3 a6 39. Kd2 Rh2 40. Ke3 Nd7 41. Bf4 Rxg3+ 42. Bxg3 Rh1 43. Rd6+ Kc7 44. Rxe6+ Kd8 45. Re4 Ra1 46.
Kd4 Rxa2 47. Bd6 Rxf2 48. Rh4 Nf6 49. Be5 Ke7 50. Rh8 Nd7 51. Bc7 f5 52. Rh7+ Ke6 53.
Rh6+ Kf7 54. Bd6 Nf6 55. Be5 Ng4 56. Rb6 Re2 57. Rxb7+ Ke6 58. Rb6+ Kd7 59. Bf4 Rf2 60. Bd6 f4 61. c5 f3 62. Rxa6 Rc2 63. Ra7+ Kc8 64.
Rc7+ Kd8 65. Rf7 f2 66. Bg3 Rb2 67. Kc3 Re2 68. c6 Ke8 69. Rf4 Ne3 70. Re4+ Kd8 71. c7+ Kc8 72. Re8+ 1-0

[Event "*** Titled Tuesday Blitz"]
[Site "Chess.com"]
[Date "2019.02.05"]
[Round "1"]
[White "PotapovaM"]
[Black "Sebastian"]
[Result "0-1"]
[WhiteElo "2441"]
[BlackElo "2877"]
[TimeControl "180+2"]
[EndTime "13:11:14 PST"]
[Termination "Sebastian won by resignation"]

1. d4 Nf6 2. c4 e6 3. Nf3 d5 4. Nc3 c5 5. cxd5 Nxd5 6. e4 Nxc3 7. bxc3 cxd4 8. cxd4 Bb4+ 9. Bd2 Bxd2+ 10. Qxd2 O-O 11.
Bc4 Nd7 12. O-O b6 13. Rfe1 Bb7 14. Rad1 Rc8 15. Bb3 Re8 16. h3 h6 17. Qf4 Qc7 18.
Qh4 b5 19. d5 exd5 20. exd5 Rxe1+ 21. Rxe1 Nf6 22. Qb4 Bxd5 23. Bxd5 Nxd5 24. Qxb5 Nc3 25. Qa6 Rb8 26. Nd4 Qb6 27. Qxb6 axb6 28. a3 Ra8 29.
Nc2 h5 30. Re3 Rc8 31. Nb4 g6 32. g3 Kg7 33. Kg2 Rc5 34. h4 Rc4 35. Rd3 Ne4 36. Nd5 Rc2 37. Rf3 b5 38. Rf4 f5 39. Rf3 Kf7 40.
Nf4 Rc3 41. Nd3 Kf6 42. Nb4 Ke5 43. Na6 Rxf3 44. Kxf3 Nd2+ 45. Ke2 Nc4 46. Kd3 Nxa3 47. Nc7 b4 48. Na6 b3 49. Kc3 Ke4 50. Kxb3 Nb5 51.
Kc4 Na3+ 52. Kc3 Kf3 53. Kd4 Kxf2 54. Ke5 Kxg3 55. Kf6 Kxh4 56. Kxg6 f4 57. Nc5 f3 58.
Nd3 Nc4 59. Kf5 Nb2 60. Nf2 Kg3 61. Ne4+ Kg2 62. Kg5 Nd3 63. Kxh5 Nc5 64. Nd2 f2 65. Kg4 Nd3 66. Nc4 Kg1 67. Ne3 Ne5+ 68. Kf4 Nc4 0-1

[Event "*** Titled Tuesday Blitz"]
[Site "Chess.com"]
[Date "2019.02.05"]
[Round "1"]
[White "Alexander_Donchenko"]
[Black "Rakesh"]
[Result "1-0"]
[WhiteElo "2662"]
[BlackElo "2297"]
[TimeControl "180+2"]
[EndTime "13:11:25 PST"]
[Termination "Alexander_Donchenko won by resignation"]

1. Nf3 d5 2. g3 Nf6 3. Bg2 g6 4. b3 Bg7 5. Bb2 O-O 6. c4 c5 7.
cxd5 Nxd5 8. Bxg7 Kxg7 9. d4 cxd4 10. Nxd4 e5 11. Bxd5 exd4 12. Qxd4+ Kg8 13. Nc3 Nc6 14. Qd2 Bh3 15. Bxc6 bxc6 16. Qxd8 Rfxd8 17. Rd1 Re8 18. Kd2 h5 19. f3 Kg7 20. Kc2 g5 21. Rd6 Rac8 22.
Rhd1 f6 23. R1d2 Rh8 24. Kb2 h4 25. Ne4 Rh6 26. R2d4 hxg3 27. hxg3 c5 28. Rc4 Bf1 29. Nxc5 Kg6 30. Ne4 Rxc4 31. Rxf6+ Kg7 32. Rxh6 Rxe4 33. Rh2 Re3 34. Kc2 Rxe2+ 35. Rxe2 Bxe2 36. f4 g4 37. Kc3 Kf6 38. Kd4 Kf5 39. b4 Bb5 40. Kc5 Ba4 41. Kd5 Bb5 42. Kc5 Be8 43. Kd4 Ke6 44.
a3 Ba4 45. Kc5 Kf5 46. Kd5 Bc2 47. Kd4 Ke6 48. Kc5 Bd3 49. Kd4 Bf1 50. Kc5 Kf5 51.
Kd5 Ba6 52. Kd4 Bb5 53. Kc5 Ba4 54. Kd5 Bd1 55. Kc6 Be2 56. Kd5 Bf1 57. Kd4 Ke6 58. Kc5 Be2 59. a4 Bd1 60. a5 a6 61. b5 axb5 62.
Kxb5 Kd5 63. a6 Kd4 64. a7 Bf3 65. Kb4 Ba8 66. Kb5 Ke4 67. Kb6 Kd5 68. Kc7 Ke4 69.
Kb8 Bd5 70. a8=Q Bxa8 71. Kxa8 Kf3 72. f5 Kxg3 73. f6 Kh2 74. f7 g3 75. f8=Q g2 76. Qf2 Kh1 77. Qh4+ Kg1 78. Kb7 Kf1 79. Qf4+ Ke2 80.
Qg3 Kf1 81. Qf3+ Ke1 82. Qxg2 1-0

[Event "*** Titled Tuesday Blitz"]
[Site "Chess.com"]
[Date "2019.02.05"]
[Round "1"]
[White "AndrBaryshpolets"]
[Black "INLOVEWITHF"]
[Result "1/2-1/2"]
[WhiteElo "2612"]
[BlackElo "2274"]
[TimeControl "180+2"]
[EndTime "13:11:26 PST"]
[Termination "Game drawn by agreement"]

1. d4 Nf6 2. c4 g6 3. Nc3 Bg7 4.
e4 d6 5. Nf3 O-O 6. Be2 e5 7.
O-O Nc6 8. d5 Ne7 9. b4 Nh5 10.
g3 f5 11. Ng5 Nf6 12. Bf3 fxe4 13. Ncxe4 Bf5 14. Bg2 Nxe4 15. Nxe4 Qd7 16. Re1 h6 17. c5 a5 18. Ba3 axb4 19. Bxb4 Bxe4 20. Bxe4 Nf5 21.
cxd6 cxd6 22. a4 Nd4 23. Bc3 Qf7 24. Bxd4 exd4 25. f4 g5 26. Rf1 Qe7 27. Qd3 gxf4 28. gxf4 Rae8 29. Rae1 Qh4 30. Bh7+ Kh8 31. Rxe8 Rxe8 32.
Bf5 Re1 33. Rxe1 Qxe1+ 34. Kg2 Qe3 35. Qc2 Qc3 36. Qe2 Qe3 37. Qc2 Qc3 38. Qe2 Qe3 39. Qh5 Qd2+ 40. Kg3 Qe3+ 41. Qf3 Qg1+ 42. Kh3 Qe3 43. Kg2 Qxf3+ 44. Kxf3 Bf6 45. Ke4 Kg7 46. Bc8 b6 47. Kd3 Kf7 48. Kc4 Ke7 49. Bf5 Kd8 50.
Kd3 Ke7 51. Bg4 Bg7 52. Be2 Bf6 53. Ke4 Kf7 54. Kf5 Bg7 55. Bh5+ Ke7 56. Kg6 Bf6 57. Be2 Bh4 58. Kxh6 Bf2 59. Kg5 Be3 60. h4 Kf7 61. h5 Kg7 62. Bd3 Bd2 63. h6+ Kh8 64. Kf5 Be3 65. Kg5 Bd2 66. h7 Kg7 67. Kf5 Bc1 68.
Ke4 Bd2 69. Kf3 Bc1 70. Ke4 Be3 71. f5 Kxh7 72. Kf3 Kg7 73. Ke2 Kf6 74. Be4 Ke5 75. Kd3 Bg5 76. Bf3 Kxf5 77. Kxd4 Kf4 78. Be4 Bf6+ 79. Kd3 Ke5 80. Bf3 Bd8 81. Be4 1/2-1/2

[Event "*** Titled Tuesday Blitz"]
[Site "Chess.com"]
[Date "2019.02.05"]
[Round "1"]
[White "HElissalt"]
[Black "RojonR"]
[Result "1/2-1/2"]
[WhiteElo "2063"]
[BlackElo "2490"]
[TimeControl "180+2"]
[EndTime "13:11:29 PST"]
[Termination "Game drawn - insufficient material"]

1. d4 Nf6 2. c4 e6 3. Nc3 Bb4 4. e3 c5 5. Ne2 O-O 6. a3 cxd4 7. exd4 Be7 8. g3 d5 9. c5 b6 10. cxb6 axb6 11. Bg2 Nc6 12. O-O Na5 13. b3 Ba6 14. Re1 Rc8 15. Bd2 Qd7 16. Qb1 Rc7 17. Qb2 Rfc8 18. Rec1 Bd3 19. Bf3 h6 20. h3 Ne4 21. Be3 g5 22. Kg2 Kg7 23. Bxe4 dxe4 24. d5 Bf6 25. Bd4 e5 26. Bxb6 Qf5 27. Ng1 Nb7 28. Bxc7 Rxc7 29. Nd1 Rxc1 30. Rxc1 e3 31. Nxe3 Qe4+ 32. Kh2 Nd6 33. Qd2 Nb5 34. f3 Qh7 35. a4 Nd4 36. Rc3 e4 37. Rxd3 exd3 38. d6 Nxb3 39. Qb4 Nd4 40. d7 Ne6 41. Qb5 d2 42. Qd5 Qb1 43. Qxd2 Qa1 44. a5 Qa4 45. Ne2 Bd8 46. Nf5+ Kg6 47. Qd3 Qxa5 48. Nd6+ Kg7 49. Nb7 Qc7 50. Nxd8 Nxd8 51. Qd4+ Kg8 52. Kg2 Ne6 53.
Qd3 Kf8 54. Kf2 Ke7 55. Nc3 Qxd7 56.
Nd5+ Kf8 57. h4 Qa7+ 58. Kg2 Qa2+ 59. Kh3 Qa1 60. Kg2 Qb2+ 61. Kh3 Qe5 62. Kg2 h5 63. hxg5 Qxg5 64. Qe4 h4 65. Qb4+ Kg7 66. Qc3+ Kg6 67. Qd3+ Kh6 68. f4 Qg4 69. Nf6 Qxg3+ 70. Qxg3 hxg3 71. Kxg3 Kg6 72. Ne4 Kf5 73. Nd6+ Kf6 74. Nxf7 Kxf7 75. f5 Ng7 76. f6 Kxf6 1/2-1/2

[Event "*** Titled Tuesday Blitz"]
[Site "Chess.com"]
[Date "2019.02.05"]
[Round "1"]
[White "VFernandezB"]
[Black "Lagravesamuell"]
[Result "1-0"]
[WhiteElo "2279"]
[BlackElo "2455"]
[TimeControl "180+2"]
[EndTime "13:11:50 PST"]
[Termination "VFernandezB won by resignation"]

1. e4 c5 2. Nf3 d6 3. Bb5+ Nd7 4.
O-O a6 5. Bxd7+ Bxd7 6. d4 cxd4 7. Qxd4 Nf6 8. Nc3 g6 9. Bg5 Bg7 10. Rad1 O-O 11. Rd2 Bc6 12. Qd3 h6 13. Bh4 Nd7 14.
Nd5 g5 15. Bg3 Nc5 16. Qe3 Bxd5 17. exd5 Bxb2 18. Re1 Bf6 19. h4 Qa5 20. Rde2 Qxa2 21. hxg5 hxg5 22. Nxg5 Qxd5 23. Bh4 e6 24. Qg3 Bg7 25. Ne4 Nxe4 26. Rxe4 f5 27. Rxe6 f4 28. Qg6 Qf5 29. Rxd6 Qxg6 30. Rxg6 Rf7 31. Ree6 Kf8 32.
Rb6 Rc8 33. Bf6 Bxf6 34. Rgxf6 Rc7 35. Kf1 Ke7 36. Rfe6+ Kd8 37. Red6+ Kc8 38. Rd2 f3 39. gxf3 Rxf3 40. Ke2 Rcf7 41. Ke1 Kc7 42. Rb4 R3f6 43.
Rc4+ Kb6 44. Re4 a5 45. Re5 Ka6 46. Rdd5 b6 47. Rd2 Rc7 48. Kd1 Rc3 49. Kc1 Rcf3 50.
Ree2 R6f4 51. Kb2 a4 52. c3 Rf5 53. Kc2 Ka5 54. Kb2 b5 55. Rc2 Rc5 56. Re4 Rcf5 57. Ree2 R5f4 58. Red2 Rc4 59. Re2 Rc5 60. Red2 Rcf5 61. Re2 Rh3 62. Re4 Rh1 63. Rd2 Rf1 64. Ree2 Rg5 65. Rd8 Rgg1 66. Ra8+ Kb6 67. Re6+ Kc5 68.
Rc8+ Kd5 69. Re2 Rb1+ 70. Kc2 Rgc1+ 71. Kd2 Rb2+ 72. Kxc1 Rxe2 73. f4 Rf2 74. c4+ bxc4 75. Ra8 Ra2 76. f5 a3 77. f6 Rf2 78. Rxa3 Rxf6 79. Rh3 Kc5 80. Kc2 Ra6 81. Kb2 Rb6+ 82. Kc2 Ra6 83. Rg3 Ra2+ 84. Kc1 Rh2 85. Rf3 Kb4 86. Rg3 Ra2 87. Rf3 Re2 88. Rh3 Re4 89. Rg3 Rg4 90. Rxg4 1-0

[Event "*** Titled Tuesday Blitz"]
[Site "Chess.com"]
[Date "2019.02.05"]
[Round "1"]
[White "Ali_rastbod"]
[Black "Romn69"]
[Result "1-0"]
[WhiteElo "2610"]
[BlackElo "2249"]
[TimeControl "180+2"]
[EndTime "13:11:56 PST"]
[Termination "Ali_rastbod won by checkmate"]

1. c4 e6 2. Nc3 d5 3. d4 c5 4. cxd5 exd5 5. Nf3 Nc6 6. g3 Nf6 7. Bg2 Be7 8. O-O O-O 9. Bg5 cxd4 10. Nxd4 h6 11.
Bf4 Bg4 12. h3 Be6 13. Rc1 Qd7 14. Kh2 Rad8 15. Nxc6 bxc6 16. Na4 Ne4 17. f3 Nd6 18. Nc5 Qc8 19. Qa4 Nc4 20. Nxe6 fxe6 21. Qxa7 Rxf4 22. Qxe7 Rf7 23. Qc5 Nxb2 24. Qxc6 Nc4 25. Qxc8 Rxc8 26. e4 Ra8 27. exd5 exd5 28. Rf2 Rfa7 29.
Rcc2 Ne3 30. Rce2 d4 31. Rd2 Ra3 32. f4 Nxg2 33. Kxg2 R8a4 34. f5 Kf7 35. g4 h5 36.
g5 h4 37. Rfe2 Rg3+ 38. Kh2 Rxg5 39. Re5 Kf6 40. Re4 Rxf5 41. Rxh4 Rd5 42. Kg3 g5 43.
Rh6+ Kf5 44. Rf2+ Ke4 45. Rg6 d3 46. Re6+ Kd4 47. Re1 Ra3 48. Kg4 Rc5 49. Re8 Rc2 50. Rd8+ Ke3 51. Rxd3+ Rxd3 52. Rxc2 Rd5 53. a4 Rd4+ 54.
Kxg5 Rxa4 55. h4 Ke4 56. Re2+ Kd5 57. h5 Ra1 58. h6 Rg1+ 59. Kf6 Rf1+ 60. Kg7 Rg1+ 61.
Kh7 Kd6 62. Kh8 Kd7 63. h7 Rg3 64. Ra2 Ke7 65. Ra7+ Kf6 66. Ra8 Kf7 67. Rg8 Rh3 68.
Rg7+ Kf8 69. Rg1 Kf7 70. Rf1+ Ke7 71. Kg7 Rg3+ 72. Kh6 Rh3+ 73. Kg6 Rg3+ 74. Kf5 Rh3 75. Ra1 Kf8 76. Ra7 Rh1 77. Kg6 Rg1+ 78. Kf6 Rh1 79.
h8=Q+ Rxh8 80. Ra8# 1-0

[Event "*** Titled Tuesday Blitz"]
[Site "Chess.com"]
[Date "2019.02.05"]
[Round "1"]
[White "HindsightIs2700"]
[Black "Fivetrick"]
[Result "1-0"]
[WhiteElo "2252"]
[BlackElo "2589"]
[TimeControl "180+2"]
[EndTime "13:12:18 PST"]
[Termination "HindsightIs2700 won by resignation"]

1. e4 c5 2. Nf3 d6 3. d4 cxd4 4.
Nxd4 Nf6 5. Nc3 a6 6. Be2 e6 7.
O-O Be7 8. Be3 O-O 9. f4 Nc6 10. a4 Re8 11. Kh1 Qc7 12. Bf3 Nxd4 13. Qxd4 e5 14.
Qd3 b6 15. f5 Bb7 16. Rad1 Bc6 17. Qc4 Qb7 18. Bg5 Red8 19. Bxf6 Bxf6 20. Nd5 Bxd5 21.
Qxd5 Qxd5 22. Rxd5 Rac8 23. c3 Rc4 24. Ra1 g6 25. g4 Kf8 26. Kg2 Ke7 27. Kg3 Bg5 28. h4 Bf4+ 29. Kg2 h5 30. fxg6 fxg6 31. gxh5 gxh5 32. Kf2 Rg8 33. Rad1 Bg3+ 34. Ke2 Rc6 35. Bxh5 Bxh4 36. Bf3 Rg3 37. R5d3 Rh3 38. Bg2 Rh2 39.
Kf3 Bg5 40. Rh1 Rxh1 41. Bxh1 Bf4 42. Bg2 Rc5 43. Bf1 Ra5 44. b3 Rc5 45. c4 a5 46.
Rd5 Rc8 47. Rb5 Rb8 48. Ke2 Kd7 49. Kd3 Kc6 50. Be2 Rg8 51. Rd5 Rg3+ 52. Kc2 Re3 53. Bd3 Re1 54. Kc3 Rc1+ 55. Bc2 Re1 56. Rd3 Rh1 57.
Rf3 Re1 58. Rd3 Re2 59. Rf3 Kc5 60. Rd3 Rf2 61. Rh3 Bd2+ 62. Kb2 Bf4 63. Rd3 Bd2 64. Rd5+ Kc6 65. Rd3 Bb4 66. Rh3 Bc5 67. Rd3 Bd4+ 68.
Kb1 Rf1+ 69. Rd1 Rf2 70. Rd3 Re2 71. Rd1 Kc5 72. Bd3 Kb4 73. Bxe2 Kxb3 74. Rd3+ Kxc4 75. Kc2 Kb4 76. Rb3+ Kxa4 77. Rxb6 Ka3 78. Rxd6 a4 79. Rd5 Kb4 80. Rb5+ Ka3 81. Kd3 Ka2 82. Kc4 a3 83. Bd1 Bb2 84. Ra5 Kb1 85. Kb3 Kc1 86. Bc2 Kd2 87. Bb1 Kc1 88. Ba2 Kd2 89. Rxa3 Bxa3 90. Kxa3 1-0

[Event "*** Titled Tuesday Blitz"]
[Site "Chess.com"]
[Date "2019.02.05"]
[Round "1"]
[White "saraswathii"]
[Black "GianmarcoVaR"]
[Result "1-0"]
[WhiteElo "2273"]
[BlackElo "2586"]
[TimeControl "180+2"]
[EndTime "13:12:45 PST"]
[Termination "saraswathii won by checkmate"]

1. d4 Nf6 2. Bf4 b6 3. e3 Bb7 4. Nf3 Nh5 5. Bg5 h6 6. Bh4 g5 7.
Nfd2 Nf6 8. Bg3 Bg7 9. c4 c5 10.
Nc3 d6 11. d5 e6 12. e4 O-O 13. Bd3 Qe7 14. O-O Nbd7 15. Qe2 Ne5 16. Bc2 Ng6 17.
Rae1 Nd7 18. Nb5 Nde5 19. Nf3 Nf4 20. Bxf4 gxf4 21. dxe6 fxe6 22. Rd1 Rad8 23. Nxa7 Nxf3+ 24. Qxf3 Bxb2 25. Rb1 Qg7 26. Rfd1 Ba6 27. Nb5 Bxb5 28. cxb5 Bd4 29. Bb3 Rf6 30. Kh1 Kh8 31. a4 Rg8 32. Rg1 Qg5 33. Rbd1 Qh4 34. Rd2 Rg5 35. Bd1 Rfg6 36.
Ra2 Rg7 37. Rd2 R5g6 38. Ra2 Qf6 39. a5 bxa5 40. Rxa5 c4 41. Ra8+ Rg8 42. Ra4 Rc8 43. Bc2 Qh4 44. e5 Rg7 45. exd6 Bxf2 46. Rf1 Be3 47.
Ra8 Qd8 48. Rxc8 Qxc8 49. b6 Qb7 50. Qxb7 Rxb7 51. Ba4 Rxb6 52. d7 Rd6 53. h4 Kg7 54.
Rd1 Rxd1+ 55. Bxd1 Bb6 56. Ba4 c3 57. Kh2 Kf6 58. Kh3 h5 59. g4 e5 60. gxh5 e4 61. Bd1 f3 62. Kg3 Ke7 63. h6 Kxd7 64. h7 Bd4 65. Bc2 f2 66. h8=Q f1=Q 67. Qxd4+ Kc7 68.
Qxc3+ Kd6 69. Qd4+ Kc7 70. Qc5+ Kd7 71. Qd5+ Kc7 72.
Qe5+ Kb6 73. Bxe4 Qg1+ 74. Bg2 Qc1 75. h5 Qh6 76. Kg4 Ka7 77. Qd4+ Ka6 78. Bf1+ Kb7 79. Qe4+ Kb8 80. Qf4+ Qd6 81. Qxd6+ Kc8 82. Ba6# 1-0

[Event "*** Titled Tuesday Blitz"]
[Site "Chess.com"]
[Date "2019.02.05"]
[Round "1"]
[White "Arystanner"]
[Black "MasterKroket"]
[Result "1-0"]
[WhiteElo "2769"]
[BlackElo "2380"]
[TimeControl "180+2"]
[EndTime "13:12:49 PST"]
[Termination "Arystanner won by resignation"]

1. e4 c5 2. Nf3 e6 3. c3 Nf6 4.
e5 Nd5 5. g3 d6 6. Bg2 Nc6 7. exd6 Bxd6 8. O-O O-O 9. d4 cxd4 10.
Nxd4 Nce7 11. Nd2 a6 12. Nc4 Bc7 13. a4 Rb8 14. Re1 b5 15. axb5 axb5 16. Ne5 Bxe5 17.
Rxe5 Qc7 18. f4 Rd8 19. Qe1 b4 20. Bd2 bxc3 21. bxc3 Bb7 22. Rc1 Nc6 23. Nxc6 Bxc6 24. c4 Ne7 25. Ba5 Qa7+ 26. Qe3 Qxe3+ 27. Rxe3 Rd7 28. Bc3 Rc8 29. Bf1 Bb7 30. Be5 Nc6 31. c5 Nxe5 32. Rxe5 Bc6 33. Re3 Rd2 34. Rb3 Kf8 35. Rb6 Ke7 36. Ra6 Rc7 37. Rb6 Bd5 38. Rb8 Ra7 39. c6 Raa2 40. Rb5 Rac2 41. Rc5 Rxc1 42.
Rxc1 Ra2 43. c7 Bb7 44. c8=Q Bxc8 45. Rxc8 Kf6 46. Rc5 h6 47. h4 g6 48. Bg2 Ra3 49. Kf2 Ra2+ 50. Kf3 Ra3+ 51. Kf2 Ra2+ 52. Kg1 Ra1+ 53.
Kh2 Ra2 54. Re5 Rb2 55. Kg1 Rb1+ 56. Kf2 Rb2+ 57. Re2 Rb3 58. Re3 Rb2+ 59. Kf3 Ra2 60. Bf1 Ra4 61. Rb3 Ra1 62. Bb5 Rd1 63. Bc6 Rd6 64.
Be4 Rd4 65. Rb7 Rc4 66. Bd3 Rc3 67. Ke3 Ra3 68. Kd4 Ra4+ 69. Bc4 Ra3 70. Rb3 Ra1 71. Ke4 Re1+ 72. Kf3 Rc1 73. Bb5 Ra1 74. Rc3 Rb1 75. Bd3 Rd1 76. Be2 Ra1 77. Rc7 Ra3+ 78. Kf2 Rb3 79.
Bc4 Rc3 80. Rc8 Rc2+ 81. Kf3 Rc3+ 82. Kg2 Rc2+ 83. Kh3 Rb2 84. Bd3 Rb3 85. Be4 Re3 86.
Bc6 Rc3 87. Kg2 Rc2+ 88. Kh3 Rc1 89. Bb7 Rb1 90. Rc7 Rb2 91. g4 Rb4 92. g5+ hxg5 93. hxg5+ Kg7 94. Kg3 Rb3+ 95. Kg4 Rb1 96. Bc8 Rg1+ 97.
Kf3 Rf1+ 98. Ke3 Re1+ 99. Kf2 Rd1 100. Bxe6 1-0

[Event "*** Titled Tuesday Blitz"]
[Site "Chess.com"]
[Date "2019.02.05"]
[Round "1"]
[White "igorkovalenko"]
[Black "varacalli"]
[Result "1-0"]
[WhiteElo "2880"]
[BlackElo "2448"]
[TimeControl "180+2"]
[EndTime "13:13:52 PST"]
[Termination "igorkovalenko won by checkmate"]

1. d4 d5 2. Nf3 Nf6 3. c4 e6 4. Nc3 Nbd7 5. cxd5 exd5 6. Bf4 c6 7. e3 Nh5 8. Bg3 Nxg3 9. hxg3 Bd6 10. Bd3 h6 11. Qc2 Nf6 12. O-O-O Be6 13. Kb1 Qe7 14. Ne2 O-O-O 15. Nf4 Kb8 16. Ka1 Bd7 17.
Rb1 Rhe8 18. b4 Rc8 19. Qb2 Ne4 20. Bf1 Ka8 21. Nd3 f6 22. Be2 Bc7 23. Rhd1 Bd6 24. Bf1 Bc7 25. Nc5 Nxc5 26. bxc5 Rb8 27. Rd3 b5 28. cxb6 Bxb6 29. Rb3 c5 30. dxc5 Qxc5 31. Nd4 Rec8 32. Ba6 Rc7 33. Bd3 Qd6 34. Nb5 Bxb5 35.
Rxb5 Rc5 36. a4 Rxb5 37. Bxb5 Rc8 38. Ba6 Rc5 39. Ka2 Qe5 40. Qxe5 fxe5 41. Kb3 Kb8 42. Rh1 Kc7 43. Rh5 d4 44. e4 Rc3+ 45. Kb2 Kd6 46. Rf5 Ba5 47. f4 Rxg3 48. Rxe5 Rxg2+ 49. Kb3 Bc3 50.
Rd5+ Ke6 51. Bf1 Rb2+ 52. Kc4 Rb4+ 53. Kd3 Rxa4 54. Bh3+ Ke7 55. Rd7+ Kf8 56. e5 Ra3 57.
Bf5 g5 58. fxg5 hxg5 59. e6 Bb4+ 60. Kxd4 Be7 61. Rb7 Ra6 62. Ke4 Ra4+ 63. Ke3 Ra3+ 64. Ke2 Ra5 65. Bg4 Ra3 66. Kf2 a5 67. Bh5 Bb4 68.
Rf7+ Kg8 69. Rb7 Kf8 70. Rf7+ Kg8 71. e7 Bc5+ 72. Kg2 Ra2+ 73. Kg3 Bxe7 74. Rxe7 Ra4 75.
Ra7 Kf8 76. Bg6 Kg8 77. Bh5 Kf8 78. Bg6 Kg8 79. Be8 Re4 80. Bc6 Re5 81. Kg4 Kf8 82. Kh5 Re7 83. Rxa5 Rc7 84. Ra6 Ke7 85. Kxg5 Kd6 86.
Be4+ Kc5 87. Kf5 Kd4 88. Ra4+ Ke3 89. Bd5 Re7 90. Be6 Rc7 91. Ke5 Rc5+ 92. Bd5 Rc7 93. Ra3+ Kd2 94. Kd4 Rd7 95. Ra2+ Ke1 96. Ke4 Rd8 97.
Rh2 Rd7 98. Ke3 Kd1 99. Be4 Kc1 100. Rc2+ Kd1 101. Rb2 Rc7 102. Rb6 Rc8 103. Rb7 Rc5 104. Rg7 Kc1 105. Rb7 Kd1 106. Bd3 Rc8 107. Rb1+ Rc1 108. Rb2 Rc7 109. Rg2 Re7+ 110. Be4 Kc1 111. Rc2+ Kd1 112. Rc6 Rd7 113. Bf3+ Ke1 114. Rc1+ Rd1 115. Rxd1# 1-0